 Dungeon Crawl Stone Soup version 0.18-a0-1772-gce6d5cf (webtiles) character file.

12273 Eucla the Basher (level 11, -3/110 (111) HPs)
             Began as a Troll Berserker on Apr 15, 2016.
             Was a High Priest of Trog.
             Slain by a porcupine (7 damage)
             ... on level 2 of the Lair of Beasts.
             The game lasted 00:15:56 (9208 turns).

Eucla the Basher (Troll Berserker)                  Turns: 9208, Time: 00:15:57

HP:   -3/110 (111)  AC: 11    Str: 27    XL:     11   Next: 60%
MP:   10/10         EV: 14    Int:  5    God:    Trog [*****.]
Gold: 706           SH:  0    Dex: 14    Spells: 0 memorised, 10 levels left

rFire  . . .     SeeInvis .     R - +4 dire flail (protect)
rCold  . . .     Gourm    +     b - +0 animal skin
rNeg   . . .     Faith    .     (shield currently unavailable)
rPois  .         Spirit   .     (helmet restricted)
rElec  .         Dismiss  .     y - +0 cloak
rCorr  .         Reflect  .     (gloves unavailable)
SustAt .         Harm     +     (boots unavailable)
MR     +....                    d - amulet of harm
Stlth  ++........               G - +2 ring of dexterity
                                p - +2 ring of intelligence

@: somewhat resistant to hostile enchantments, unstealthy
A: unfitting armour, claws 3, fast metabolism 3, gourmand, magic resistance 1,
regeneration 2, screaming 1, shaggy fur 1, tough skin 2, wild magic 1, no device
heal 1, MP-powered wands
a: Berserk, Trog's Hand, Brothers in Arms, Burn Spellbooks, Renounce Religion


You were on level 2 of the Lair of Beasts.
You worshipped Trog.
Trog was extremely pleased with you.
You were not hungry.

You visited 2 branches of the dungeon, and saw 12 of its levels.

You collected 706 gold pieces.

Inventory:

Hand Weapons
 a - a +2 mace
 g - a +3 whip of freezing
 C - a +2 flail of protection
 F - a +0 giant club
 R - a +4 dire flail of protection (weapon)
Armour
 b - a +0 animal skin (worn)
 y - a +0 cloak (worn)
Jewellery
 d - an amulet of harm (around neck)
 f - a cursed amulet of inaccuracy {unknown}
 p - a +2 ring of intelligence (left claw)
 w - a -2 ring of evasion
 A - an uncursed ring of protection from fire
 G - a +2 ring of dexterity (right claw)
 I - an uncursed amulet of guardian spirit
 L - an uncursed ring of protection from fire
 M - an uncursed ring of sustain attributes
 Q - a +3 ring of evasion
Wands
 r - a wand of disintegration (13/24)
 x - a wand of lightning (13/15)
Scrolls
 e - 2 scrolls of enchant weapon
 h - a scroll of magic mapping
 i - 2 scrolls of enchant armour
 j - a scroll of amnesia
 l - 5 scrolls of recharging
 o - 6 scrolls of remove curse
 s - 2 scrolls of teleportation
 v - 4 scrolls of fog
 J - a scroll of blinking
 K - a scroll of fear
 P - a scroll of vulnerability
 S - a scroll of identify
Potions
 k - 2 potions of mutation {unknown}
 m - 5 potions of curing {unknown}
 n - a potion of berserk rage {unknown}
 q - 3 potions of invisibility {unknown}
 t - 3 potions of lignification {unknown}
 u - 2 potions of agility {unknown}
 z - a potion of cure mutation {unknown}
 B - 2 potions of degeneration {unknown}
 N - a potion of flight {unknown}
 O - a potion of resistance {unknown}
Comestibles
 c - 14 bread rations
 D - 3 meat rations
 E - 7 slices of pizza
 H - a fruit


   Skills:
 + Level 8.2 Fighting
 * Level 12.3 Maces & Flails
 + Level 8.3 Dodging


You had 10 spell levels left.
You didn't know any spells.

Dungeon Overview and Level Annotations

Branches:
Dungeon (10/15)            Temple (0/1) D:7            Lair (2/8) D:8
    Orc: D:9-12

Altars:
Cheibriados
Elyvilon
Fedhas
Gozag
Kikubaaqudgha
Nemelex Xobeh
Okawaru
Pakellas
Ru
Sif Muna
Xom
Zin
The Shining One

Shops:
D:8 *


Innate Abilities, Weirdness & Mutations

You are too large for most types of armour.
You have claws for hands.
Your metabolism is lightning-fast.
You like to eat raw meat.
You heal very quickly.
You are covered in fur (AC +1).
You have very tough skin (AC +2).
You are resistant to hostile enchantments.
You occasionally shout uncontrollably at your foes.
Your spells are a little harder to cast, but a little more powerful.
Potions and wands are less effective at restoring your health.
You expend magic power (3 MP) to strengthen your wands.


Message History

You are too injured to fight recklessly!
A porcupine is nearby!
Unknown command.
You are struck by the porcupine's spines.
* * * LOW HITPOINT WARNING * * *
You barely miss the porcupine.
The porcupine is severely wounded.
The porcupine completely misses you.
You are struck by the porcupine's spines.
* * * LOW HITPOINT WARNING * * *
You barely miss the porcupine.
The porcupine is severely wounded.
The porcupine bites you!
* * * LOW HITPOINT WARNING * * *
Unknown command.
Unknown command.
Drink which item? (? for menu, Esc to quit)
Okay, then.
The porcupine bites you.
You die...

...#+#P ...## #..P
#..# ###..##
######.#.#.# ##
.P##.#.###...## . P..
.......<....## ...
...
.##........@####.....
. #P..###P#.r..<.....
##..# #######......
#P.## ..... ##.# ....
##.#### #..#..#
##..##.### #### #...#
#.......P#
##..####...###
#P........##
#.............#


You could see a porcupine.

Vanquished Creatures
  An ugly thing (D:8)
  A black mamba (Lair:1)
  5 spiny frogs
  2 komodo dragons
  A spriggan (Lair:1)
  A human (D:8)
  17 yaks
  A wyvern (D:8)
  4 hippogriffs
  A basilisk (Lair:2)
  4 hungry ghosts
  Menkaure (D:6)
  Duvessa (D:7)
  4 water moccasins
  Edmund (D:5)
  A porcupine (Lair:2)
  An ice beast (D:9)
  An orc warrior (D:8)
  4 sky beasts
  2 black bears
  An eye of draining (D:9)
  4 centaurs
  2 ogres
  A necrophage (D:10)
  4 crocodiles
  5 giant frogs
  3 big kobolds
  Dowan (D:7)
  3 scorpions
  A wyvern skeleton (D:10)
  A water moccasin skeleton (D:10)
  5 howler monkeys
  2 crimson imps
  A giant frog zombie (D:10)
  2 orc priests
  4 hounds
  5 iguanas
  Natasha (thrice) (D:2)
  8 orc wizards
  11 worker ants
  Terence (D:2)
  8 sheep (Lair:2)
  2 hound zombies
  A howler monkey zombie (D:6)
  A howler monkey skeleton (D:8)
  7 gnolls
  10 adders
  21 river rats
  A shadow imp (D:8)
  An ooze (D:4)
  An adder zombie (D:5)
  An adder skeleton (D:9)
  A worm (D:2)
  A dart slug (D:1)
  9 giant geckos
  30 orcs
  2 giant cockroaches (D:1)
  2 goblins
  8 hobgoblins
  14 jackals
  A quokka (D:4)
  A ball python (D:2)
  18 bats
  8 giant newts
  A jackal skeleton (D:4)
  A jackal zombie (D:7)
  17 kobolds
  17 rats
  3 fungi (D:8)
  3 plants
313 creatures vanquished.

Vanquished Creatures (collateral kills)
  A hydra (Lair:1)
  A yak (Lair:1)
  An electric eel (Lair:1)
3 creatures vanquished.

Vanquished Creatures (others)
  A fungus (D:8)
  2 plants (D:5)
3 creatures vanquished.

Grand Total: 319 creatures vanquished

Notes
Turn   | Place    | Note
--------------------------------------------------------------
     0 | D:1      | Eucla the Troll Berserker began the quest for the Orb.
     0 | D:1      | Reached XP level 1. HP: 22/22 MP: 0/0
   103 | D:1      | Reached skill level 3 in Maces & Flails
   110 | D:1      | Reached XP level 2. HP: 29/29 MP: 1/1
   344 | D:2      | Noticed Natasha
   353 | D:2      | Killed Natasha
   353 | D:2      | Reached XP level 3. HP: 14/36 MP: 2/2
   469 | D:2      | Reached ** piety under Trog
   694 | D:2      | Reached XP level 4. HP: 44/44 MP: 3/3
   752 | D:2      | Noticed Terence
   757 | D:2      | Killed Terence
   757 | D:2      | Reached skill level 4 in Maces & Flails
   862 | D:2      | Noticed Natasha
   876 | D:2      | Killed Natasha
   876 | D:2      | Reached XP level 5. HP: 8/53 MP: 4/4
   994 | D:2      | Found a faded altar to an unknown god.
  1029 | D:2      | Noticed Natasha
  1037 | D:2      | Killed Natasha
  1072 | D:2      | Found an iron altar of Okawaru.
  1446 | D:3      | Reached *** piety under Trog
  1551 | D:3      | Found a glowing silver altar of Zin.
  1560 | D:3      | Found a white marble altar of Elyvilon.
  1561 | D:3      | Found a glowing golden altar of the Shining One.
  1649 | D:3      | Found an oddly glowing altar of Pakellas.
  2147 | D:4      | Found a blossoming altar of Fedhas.
  2149 | D:4      | Found an ancient bone altar of Kikubaaqudgha.
  2222 | D:4      | Found a shimmering altar of Xom.
  2313 | D:4      | Reached XP level 6. HP: 37/61 MP: 5/5
  2350 | D:4      | Found a sparkling altar of Nemelex Xobeh.
  2354 | D:4      | Reached skill level 5 in Maces & Flails
  2391 | D:4      | Found a snail-covered altar of Cheibriados.
  2539 | D:5      | Entered Level 5 of the Dungeon
  2617 | D:5      | Found a deep blue altar of Sif Muna.
  2796 | D:5      | Reached **** piety under Trog
  2820 | D:5      | Noticed Edmund
  2866 | D:5      | Killed Edmund
  2866 | D:5      | Reached XP level 7. HP: 54/68 MP: 6/6
  3181 | D:5      | Reached skill level 6 in Maces & Flails
  3191 | D:5      | Gained mutation: Potions and wands are less effective at restoring your health. [mutagenic meat]
  3192 | D:5      | Gained mutation: You are resistant to hostile enchantments. [mutagenic meat]
  3360 | D:5      | Noticed a hungry ghost
  3383 | D:5      | Killed a hungry ghost
  3559 | D:6      | Reached XP level 8. HP: 69/79 MP: 7/7
  3573 | D:6      | Noticed Menkaure
  3579 | D:6      | Killed Menkaure
  3674 | D:6      | Reached skill level 7 in Maces & Flails
  3963 | D:6      | Reached skill level 5 in Dodging
  4358 | D:7      | Found a staircase to the Ecumenical Temple.
  4370 | D:7      | Reached skill level 5 in Fighting
  4748 | D:7      | Received a gift from Trog
  5108 | D:7      | Noticed Duvessa
  5110 | D:7      | Noticed Dowan
  5120 | D:7      | Killed Duvessa
  5120 | D:7      | Reached skill level 8 in Maces & Flails
  5130 | D:7      | Killed Dowan
  5161 | D:7      | Reached XP level 9. HP: 88/88 MP: 8/8
  5273 | D:7      | Reached ***** piety under Trog
  5554 | D:8      | Noticed a brown ugly thing
  5575 | D:8      | Killed a brown ugly thing
  5575 | D:8      | Reached skill level 9 in Maces & Flails
  5605 | D:8      | Found a staircase to the Lair.
  5738 | D:8      | Found an opulent altar of Gozag.
  5738 | D:8      | Found Gozag's Platinum Reserve.
  6176 | D:8      | Received a gift from Trog
  6182 | D:8      | Gained mutation: You expend magic power (3 MP) to strengthen your wands. [mutagenic meat]
  6188 | D:8      | Reached XP level 10. HP: 100/100 MP: 9/9
  6192 | D:8      | Gained mutation: You occasionally shout uncontrollably at your foes. [mutagenic meat]
  6194 | D:8      | Gained mutation: Your spells are a little harder to cast, but a little more powerful. [mutagenic meat]
  6392 | D:9      | Reached skill level 10 in Maces & Flails
  6776 | D:9      | Found a sacrificial altar of Ru.
  6952 | D:10     | Entered Level 10 of the Dungeon
  7380 | D:10     | Reached skill level 11 in Maces & Flails
  7772 | Lair:1   | Entered Level 1 of the Lair of Beasts
  7913 | Lair:1   | Reached XP level 11. HP: 59/108 MP: 10/10
  8189 | Lair:1   | Noticed a seven-headed hydra
  8203 | Lair:1   | Killed a seven-headed hydra
  8462 | Lair:1   | Found a deep blue altar of Sif Muna.
  8833 | Lair:2   | Received a gift from Trog
  8926 | Lair:2   | Reached skill level 12 in Maces & Flails
  9206 | Lair:2   | HP: 2/110 [porcupine (10)]
  9208 | Lair:2   | Slain by a porcupine

Vault maps used:
D:1:      dpeg_arrival_windows_large_door
D:2:      ecumenical_altar_1, okawaru_trees_1, uniq_natasha, uniq_terence
D:3:      good_gods_temple_1, grunt_pakellas_sulfur
D:4:      grunt_temple_overflow_growth_and_decay, cheibriados_altar_1,
          old_standard_altar, first_bread, nemelex_dance_club_becter
D:5:      wad_woods_settlement, basic_altar, uniq_edmund
D:6:      uniq_menkaure
D:7:      minmay_temple_entry_junction, minmay_misc_feat_roman, uniq_duvessa
D:8:      nicolae_gozag_zags_fifth_avenue, grunt_lair_entry_orc_guard_hut,
          grunt_pizzeria
D:9:      serial_bayou_pond_a, nicolae_ru_sacrificial_ziggurat
Lair:1:   basic_altar, grunt_forest_large_clearing_hut, grunt_megastairs_4

Skill      XL: |  1  2  3  4  5  6  7  8  9 10 11 |
---------------+----------------------------------+-----
Maces & Flails | 3 4 5 6 8 9 11 12 | 12.3
Fighting       | 3 4 5 6 7 8 |  8.2
Dodging        | 3 4 5 6 7 8 |  8.3

Action                   |  1- 3 |  4- 6 |  7- 9 | 10-12 || total
-------------------------+-------+-------+-------+-------++-------
Melee: Mace              |   106 |   165 |       |       ||   271
       Whip              |       |   120 |    11 |       ||   131
       Flail             |       |       |   458 |   329 ||   787
       Dire flail        |       |       |       |    83 ||    83
Invok: Berserk           |     1 |     3 |     5 |     4 ||    13
       Trog's Hand       |       |       |     1 |     1 ||     2
       Brothers in Arms  |       |       |       |     2 ||     2
       Burn Spellbooks   |       |       |       |     1 ||     1
  Use: Scroll            |       |    12 |     1 |     5 ||    18
       Potion            |       |       |     1 |       ||     1
 Stab: Distracted        |       |     1 |       |       ||     1
       Sleeping          |       |       |     2 |     3 ||     5
  Eat: Chunk             |    13 |    23 |    48 |    26 ||   110
       Pizza             |       |       |     1 |     4 ||     5
       Beef jerky        |       |       |     1 |     2 ||     3
       Meat ration       |       |       |     1 |       ||     1
Armor: Animal skin       |    54 |   111 |   260 |   104 ||   529
Dodge: Dodged            |    75 |   170 |   366 |   227 ||   838
